 Dungeon Crawl Stone Soup version 0.31-a0-339-gda1cbd555d (webtiles) character file.

Game seed: 14533298614769877841

32 LeprechaunX the Ruffian (level 3, -2/23 HPs)
             Began as an Octopode Shapeshifter on July 20, 2023.
             Frozen to death by an endoplasm (5 damage)
             ... on level 2 of the Dungeon.
             The game lasted 00:00:52 (967 turns).

LeprechaunX the Ruffian (Octopode Shapeshifter)      Turns: 967, Time: 00:00:52

Health: -2/23      AC:  1    Str: 16    XL:     3   Next: 27%
Magic:  3/3        EV: 13    Int: 10    God:
Gold:   67         SH:  0    Dex: 12    Spells: 2/2 levels left

rFire   . . .        j - +1 dagger (vamp)
rCold   . . .        (no shield)
rNeg    . . .        (helmet currently unavailable)
rPois   .            (no amulet)
rElec   .            (no ring)
rCorr   .            (no ring)
SInv    .            (no ring)
Will    .....        (no ring)
Stlth   ++           (no ring)
HPRegen 0.23/turn    (no ring)
MPRegen 0.08/turn    (no ring)
                     (no ring)

%: no passive effects
@: beast-form
A: beast (slay +2), almost no armour, amphibious, 8 rings, camouflage 1,
gelatinous body 1, (nimble swimmer 1), tentacles
a: Begin Untransformation


You were on level 2 of the Dungeon.
You were a hulking beast.
You visited 1 branch of the dungeon, and saw 2 of its levels.

You collected 67 gold pieces.

Inventory:

Hand Weapons
 j - a +1 vampiric dagger (weapon)
Talismans
 b - a beast talisman
Scrolls
 c - a scroll of torment {unknown}
 g - a scroll of teleportation {unknown}
 k - 3 scrolls of identify {unknown}
Potions
 a - a potion of lignification
 d - 2 potions of mutation {unknown}
 e - a potion of heal wounds {unknown}
 f - a potion of degeneration {unknown}
 h - a potion of magic {unknown}
 i - a potion of resistance {unknown}
 l - a potion of ambrosia {unknown}
 m - 2 potions of attraction {unknown}


   Skills:
 + Level 1.4 Fighting
 + Level 2.3 Dodging
 * Level 3.4 Unarmed Combat
 * Level 3.3 Shapeshifting


You had 2 spell levels left.
You didn't know any spells.
Your spell library was empty.

Dungeon Overview and Level Annotations

Branches:
Dungeon (2/15)

Altars:


Innate Abilities, Weirdness & Mutations

You are a hulking beast.
Your limbs bulge with bestial killing power. (Slay +2)
You cannot wear most types of armour.
You are amphibious.
You can wear up to eight rings at the same time.
Your skin changes colour to match your surroundings (Stealth+).
Your rubbery body absorbs attacks. (AC +1, EV +1)
((You are camouflaged when in or above water. (Stealth+)))
You have tentacles for arms and can constrict up to eight enemies at once.


Message History

You hit the jackal.
You feel better.
You grab the jackal.
The jackal is severely wounded.
You constrict the jackal, but do no damage.
The jackal pauses to sniff the ground.
The jackal misses you. The quokka bites you. The frilled lizard bites you.
You hit the jackal.
You feel better.
You kill the jackal!
The quokka barely misses you. The frilled lizard bites you.
You hit the ball python.
You kill the ball python!
The quokka bites you. The frilled lizard bites you.
You are too injured to fight recklessly!
You are too injured to fight recklessly!
You are too injured to fight recklessly!
You are too injured to fight recklessly!
You are too injured to fight recklessly!
You are too injured to fight recklessly!
You are too injured to fight recklessly!
You are too injured to fight recklessly!
You are too injured to fight recklessly!
You are too injured to fight recklessly!
You are too injured to fight recklessly!
You are too injured to fight recklessly!
You are too injured to fight recklessly!
You are too injured to fight recklessly!
You are too injured to fight recklessly!
You are too injured to fight recklessly!
You are too injured to fight recklessly!
You are too injured to fight recklessly!
Unknown command.
You puncture the frilled lizard!
You kill the frilled lizard!
The quokka bites you.
* * * LOW HITPOINT WARNING * * *
The endoplasm barely misses you.
You completely miss the quokka. Your grab misses the quokka.
The quokka closely misses you. The endoplasm freezes you.
You are frozen.
You die...

..####....#...##..#
#..†.#...###.#
#†...##..###.#
.....###......#
...#...# ##.....#
#....#...# ###...#
#... #..## ####.#
#.# #..# ####....#
.. ..## #....h..#
#.....J†r.#
......!...#
.####.###.# .. #.#
... #.# ... .# ....


You could see an endoplasm and a quokka.

Vanquished Creatures
  3 bats
  2 endoplasms (D:1)
  A giant cockroach (D:1)
  2 goblins
  5 hobgoblins
  3 jackals
  3 kobolds
  3 ball pythons
  A frilled lizard (D:2)
  5 rats
28 creatures vanquished.

Notes
Turn   | Place    | Note
-------+----------+-------------------------------------------
     0 | D:1      | LeprechaunX the Octopode Shapeshifter began the quest for
                  | the Orb.
     0 | D:1      | Reached XP level 1. HP: 13/13 MP: 1/1
    85 | D:1      | Reached XP level 2. HP: 11/18 MP: 2/2
   893 | D:2      | Reached XP level 3. HP: 20/23 MP: 3/3
   967 | D:2      | Frozen to death by an endoplasm

Illustrated notes

Levels and vault maps discovered:
D:1:      dpeg_arrival_arbitrary_a, layout_basic
D:2:      minmay_recursive_quarters, layout_loops_ring, serial_aquarium,
          aquarium_bridge_island_small [aquarium_subvault_small_open,
          aquarium_subvault_bridge, aquarium_subvault_bridge,
          aquarium_subvault_bridge, aquarium_subvault_bridge],
          aquarium_bridge_square [aquarium_subvault_wall,
          aquarium_subvault_bridge, aquarium_subvault_window,
          aquarium_subvault_bridge], aquarium_window_corner,
          aquarium_window_corridor_3, aquarium_window_1, aquarium_view_2c,
          aquarium_balcony_5b, basic_altar, hex_tiny

Action                     || total
---------------------------++-------
  Melee: Unarmed           ||    27
         Constrict         ||    13
         Tentacles         ||     7
         Dagger            ||    21
         Punch             ||     5
   Stab: Sleeping          ||     3
 Armour: Skin              ||     5
  Dodge: Dodged            ||    31

Table legend: (Time is in decaauts)
 A = Elapsed time spent in this place.
 B = Non-inter-level travel time spent in this place.
 C = Inter-level travel time spent in this place.
 D = Time resting spent in this place.
 E = Time spent auto-exploring this place.
 F = Levels seen in this place.
 G = Mean time per level.
                   A        B        C        D        E       F      G
               +--------+--------+--------+--------+--------+-----+--------+
         Total |    964 |    875 |     89 |      0 |    744 |   2 |  482.0 |
       Dungeon |    964 |    875 |     89 |      0 |    744 |   2 |  482.0 |
               +--------+--------+--------+--------+--------+-----+--------+

Top non-repeatable levels by time:
     D:1: 749 daAuts
     D:2: 214 daAuts
